 Dungeon Crawl Stone Soup version 0.31-a0-345-g1ebeae05c6 (webtiles) character file.

Game seed: 6218014274277564178

16923 drugrobin the Basher (level 11, -4/101 HPs)
             Began as a Demigod Delver on July 22, 2023.
             Slain by a manticore (9 damage)
             ... on level 12 of the Dungeon.
             The game lasted 00:36:13 (12498 turns).

drugrobin the Basher (Demigod Delver)              Turns: 12498, Time: 00:36:13

Health: -4/101     AC:  6    Str: 31    XL:     11   Next: 86%
Magic:  20/20      EV: 11    Int: 12    God:
Gold:   318        SH:  6    Dex: 15    Spells: 16/18 levels left

rFire   . . .        b - +2 mace of Taopn {freeze, rC+}
rCold   + . .        Y - +2 buckler
rNeg    . . .        U - +0 troll leather armour
rPois   .            q - +0 helmet
rElec   .            J - +0 cloak
rCorr   .            (no gloves)
SInv    .            (no boots)
Will    +....        F - amulet of the acrobat
Stlth   +++          n - +4 ring of slaying
HPRegen 1.16/turn    m - +6 ring of strength
MPRegen 0.17/turn

%: acrobat
@: about to teleport
A: high MP 1, forlorn, divine attributes
a: no special abilities


You were on level 12 of the Dungeon.
You visited 1 branch of the dungeon, and saw 12 of its levels.

You collected 612 gold pieces.
You spent 294 gold pieces at shops.

Inventory:

Hand Weapons
 a - a +2 dire flail of protection
 b - the +2 mace of Taopn (weapon) {freeze, rC+}
   (You bought it in a shop on level 2 of the Dungeon)

   rC:        It protects you from cold.
 c - a +0 morningstar
 I - a +3 quarterstaff of chaos
 S - a +0 whip
Missiles
 e - 9 poisoned darts (quivered)
 K - 2 throwing nets
 M - a curare-tipped dart
 R - 6 boomerangs of dispersal
 V - a silver boomerang
 X - 8 javelins
Armour
 q - a +0 helmet (worn)
 E - the +0 leather armour of the Echidna {rC+}
   (You found it on level 5 of the Dungeon)

   rC:        It protects you from cold.
 J - a +0 cloak (worn)
 U - a +0 troll leather armour (worn)
 Y - a +2 buckler (worn)
Jewellery
 m - a +6 ring of strength (right hand)
 n - a +4 ring of slaying (left hand)
 p - a ring of flight
 w - a ring of magical power
 A - a ring of resist corrosion
 F - an amulet of the acrobat (around neck)
 N - a ring of ice
Talismans
 s - a maw talisman
Wands
 g - a wand of digging (1)
 o - a wand of flame (15)
 P - a wand of roots (17)
 Q - a wand of mindburst (16)
Scrolls
 d - 2 scrolls of revelation
 f - 2 scrolls of identify
 i - a scroll of teleportation
 r - 3 scrolls of blinking
 t - a scroll of amnesia
 v - a scroll of poison
 x - a scroll of silence {unknown}
 y - 4 scrolls of enchant armour
 D - a scroll of torment {unknown}
 H - 5 scrolls of immolation {unknown}
 L - a scroll of fear
 O - a scroll of vulnerability {unknown}
 T - a scroll of noise {unknown}
 W - a scroll of enchant weapon {unknown}
Potions
 h - 6 potions of lignification {unknown}
 j - 4 potions of curing {unknown}
 k - 2 potions of invisibility {unknown}
 l - 7 potions of attraction {unknown}
 z - 2 potions of ambrosia {unknown}
 B - a potion of resistance {unknown}
 C - a potion of heal wounds {unknown}
 G - a potion of magic {unknown}


   Skills:
 + Level 10.7 Fighting
 - Level 14.0 Maces & Flails
 - Level 1.7 Dodging
 - Level 4.5 Stealth
 - Level 4.0 Spellcasting
 - Level 4.0 Evocations


You had 16 spell levels left.
You knew the following spells:

 Your Spells              Type           Power      Damage    Failure   Level
a - Blink                 Tloc           4%         N/A       41%         2

Your spell library contained the following spells:

 Spells                   Type           Power      Damage    Failure   Level
 Shock                    Conj/Air       8%         1d3       28%         1
 Scorch                   Fire           4%         2d5       41%         2
 Dazzling Flash           Conj/Hex       4%         N/A       65%         3
 Swiftness                Air            2%         N/A       65%         3
 Volatile Blastmotes      Fire/Tloc      4%         2d10      65%         3
 Airstrike                Air            1%         2d(1-17)  96%         4
 Flame Wave               Conj/Fire      2%         2d4       96%         4
 Fulminant Prism          Conj/Hex       1%         3d5       96%         4
 Iskenderun's Mystic Bla  Conj/Tloc      2%         2d3       96%         4
 Manifold Assault         Tloc           2%         N/A       96%         4
 Simulacrum               Ice/Necr       1%         N/A       100%        6
 Starburst                Conj/Fire      1%         6d3       100%        6
 Summon Cactus Giant      Summ           1%         N/A       100%        6
 Ozocubu's Refrigeration  Ice            1%         4d7       100%        7
 Maxwell's Capacitive Co  Air            1%         ∞         100%        8
 Polar Vortex             Ice            1%         N/A       100%        9


Dungeon Overview and Level Annotations

Branches:
Dungeon (12/15)            Temple (0/1) D:4
   Lair: D:8-11         Orc: D:9-12

Shops:
D:2 (   D:5 *


Innate Abilities, Weirdness & Mutations

You have an increased reservoir of magic. (+10% MP)
You shall have no god before yourself.
Your divine heritage dramatically boosts your attributes as you level up.


Message History

You sock the vampire mosquito! You freeze the vampire mosquito.
The vampire mosquito is almost destroyed.
The vampire mosquito closely misses you.
The manticore bites you.
* * * LOW HITPOINT WARNING * * *
The manticore misses you.
The manticore claws you but does no damage.
Unknown command.
Unknown command.
You miss the vampire mosquito.
The vampire mosquito is almost destroyed.
The vampire mosquito bites you but does no damage.
The manticore bites you!
* * * LOW HITPOINT WARNING * * *
The manticore misses you. The manticore claws you.
* * * LOW HITPOINT WARNING * * *
Unknown command.
Unknown command.
Unknown command.
You barely miss the vampire mosquito.
The vampire mosquito is almost destroyed.
You block the vampire mosquito's attack.
The vampire mosquito barely misses you.
Unknown command.
Unknown command.
Unknown command.
You hit the vampire mosquito. You freeze the vampire mosquito.
You destroy the vampire mosquito!
The manticore misses you. The manticore claws you.
* * * LOW HITPOINT WARNING * * *
The manticore barely misses you. The vampire mosquito misses you.
Unknown command.
Unknown command.
Unknown command.
As you read the scroll of teleportation, it crumbles to dust.
You feel strangely unstable.
The vampire mosquito bites you but does no damage.
The manticore completely misses you. You block the manticore's attack.
The manticore claws you!
You die...

#.............. #..
#.......H.C..... #..#
##.............. #..###
#.....<........ #......#
##.............##.......>.
#............##He........
##......§.####..#........
#####.C#####..#.........
#...y@#§§#..........
#..####HE##..........
..### ##E§#......>.....
#..# ##.............. #..#
#.............. #...
##............. ##H#. .
##............ #..#. ...
#...........# #..#
.....####)........#


You could see a manticore, a cyclops, 2 fire elementals and a vampire mosquito.

Vanquished Creatures
  A centaur warrior (D:12)
  2 two-headed ogres
  2 boulder beetles
  Urug (D:12)
  A deep elf pyromancer (D:12)
  An ugly thing (D:12)
  3 cyclopes (D:12)
  The ghost of LeprechaunX the Insei, a novice OpSh (D:5)
  A smoke demon (D:11)
  A kobold demonologist (D:12)
  A komodo dragon (D:11)
  4 trolls
  A hornet (D:8)
  Grinder (D:3)
  Prince Ribbit (D:7)
  4 slime creatures (D:12)
  3 shadows
  A wraith (D:12)
  16 yaks
  A vampire (D:12)
  12 vampire mosquitoes
  A water moccasin (D:7)
  Edmund (D:6)
  An acid dragon (D:11)
  3 orc warriors
  A sky beast (D:6)
  2 black bears
  An ogre (D:3)
  5 centaurs
  A phantom (D:6)
  2 kobold brigands
  4 bullfrogs
  A gnoll sergeant (D:10)
  3 scorpions
  7 wights
  Dowan (D:5)
  3 jellies
  4 killer bees (D:7)
  A howler monkey (D:11)
  3 hounds
  4 orc priests
  Crazy Yiuf (D:2)
  A gnoll bouda (D:7)
  4 iguanas
  4 orc wizards
  Natasha (thrice) (D:2)
  15 gnolls
  11 adders
  A shadow imp (D:7)
  2 white imps
  2 ufetubi (D:5)
  4 worms
  A dart slug (D:5)
  28 orcs
  5 endoplasms
  3 giant cockroaches
  5 goblins
  7 hobgoblins
  13 jackals
  12 kobolds
  5 quokkas
  8 ball pythons
  4 bats
  2 frilled lizards
  4 rats (D:1)
253 creatures vanquished.

Notes
Turn   | Place    | Note
-------+----------+-------------------------------------------
     0 | D:5      | drugrobin the Demigod Delver began the quest for the Orb.
     0 | D:5      | Reached XP level 1. HP: 18/18 MP: 3/3
     5 | D:5      | Found Bonyel's General Store.
    21 | D:4      | Noticed an iguana
    33 | D:3      | Noticed an ogre
    56 | D:2      | Found Afrodupi's Weapon Emporium.
    68 | D:2      | Reached skill level 2 in Maces & Flails
   208 | D:2      | Reached XP level 2. HP: 24/25 MP: 4/4
   318 | D:1      | Reached skill level 3 in Maces & Flails
   876 | D:1      | Reached XP level 3. HP: 30/30 MP: 5/5
  1371 | D:2      | Reached skill level 4 in Maces & Flails
  1387 | D:2      | Noticed Natasha
  1490 | D:2      | Killed Natasha
  1491 | D:2      | Reached XP level 4. HP: 15/37 MP: 6/6
  1500 | D:2      | Noticed Natasha
  1511 | D:2      | Killed Natasha
  1520 | D:2      | Noticed Natasha
  1658 | D:2      | Killed Natasha
  1761 | D:2      | Found a runed translucent door.
  1762 | D:2      | Noticed Crazy Yiuf
  1884 | D:3      | Noticed Grinder
  1890 | D:3      | Paralysed by Grinder for 2 turns
  1991 | D:3      | Killed an ogre
  1992 | D:3      | Reached skill level 5 in Maces & Flails
  1992 | D:3      | Reached XP level 5. HP: 29/42 MP: 7/7
  2130 | D:3      | Paralysed by Grinder for 2 turns
  2145 | D:4      | Paralysed by Grinder for 3 turns
  2684 | D:3      | Reached skill level 6 in Maces & Flails
  2689 | D:3      | Identified the +1 ring mail of Snakes and Ladders {*Corrode
                  | rF+ Int+3 Dex+2}
  2930 | D:3      | Reached XP level 6. HP: 24/50 MP: 8/8
  3054 | D:4      | Found a staircase to the Ecumenical Temple.
  3413 | D:4      | Paralysed by Grinder for 4 turns
  4258 | D:5      | Identified the +0 leather armour of the Echidna {rC+}
  4411 | D:5      | Reached skill level 7 in Maces & Flails
  4458 | D:5      | Noticed Dowan
  4460 | D:5      | Noticed Duvessa
  4492 | D:5      | Duvessa changed into Duvessa the bullfrog
  4492 | D:5      | Noticed Duvessa
  4502 | D:5      | Killed Duvessa the bullfrog
  4825 | D:5      | Reached XP level 7. HP: 50/56 MP: 9/9
  4827 | D:5      | Found a runed translucent door.
  4856 | D:5      | Noticed LeprechaunX's ghost (novice OpSh)
  5229 | D:5      | Killed Dowan
  5230 | D:5      | Reached skill level 8 in Maces & Flails
  5654 | D:2      | Bought the +2 mace of Taopn {freeze, rC+} for 294 gold
                  | pieces
  5715 | D:2      | Killed Crazy Yiuf
  5852 | D:3      | Paralysed by Grinder for 4 turns
  5865 | D:3      | Paralysed by Grinder for 4 turns
  5875 | D:3      | Killed Grinder
  6033 | D:5      | Killed LeprechaunX's ghost
  6034 | D:5      | Reached skill level 9 in Maces & Flails
  6034 | D:5      | Reached XP level 8. HP: 55/62 MP: 10/10
  6036 | D:5      | Reached skill level 10 in Maces & Flails
  6578 | D:6      | Noticed Edmund
  6586 | D:6      | Killed Edmund
  7124 | D:7      | Reached skill level 11 in Maces & Flails
  7200 | D:7      | Reached XP level 9. HP: 38/68 MP: 11/11
  7552 | D:7      | Noticed Prince Ribbit
  7566 | D:7      | Killed Prince Ribbit
  7567 | D:7      | Reached skill level 12 in Maces & Flails
  8629 | D:8      | Reached skill level 1 in Evocations
  8870 | D:8      | Paralysed by a hornet for 3 turns
  9502 | D:9      | Noticed a death yak
  9505 | D:9      | Noticed a death yak
  9607 | D:10     | Entered Level 10 of the Dungeon
  9618 | D:10     | Reached XP level 10. HP: 80/80 MP: 13/13
  9631 | D:10     | Reached skill level 13 in Maces & Flails
 10353 | D:10     | Learned a level 2 spell: Blink
 10490 | D:10     | Reached skill level 5 in Fighting
 10627 | D:11     | Noticed a boulder beetle
 10639 | D:11     | Killed a boulder beetle
 10828 | D:11     | Reached skill level 14 in Maces & Flails
 11031 | D:11     | Reached skill level 1 in Spellcasting
 11039 | D:11     | Noticed a two-headed ogre
 11112 | D:11     | Noticed a smoke demon
 11153 | D:11     | Killed a two-headed ogre
 11207 | D:11     | Reached XP level 11. HP: 87/91 MP: 17/17
 11532 | D:12     | Noticed Urug
 11543 | D:12     | Killed Urug
 11708 | D:12     | Noticed a centaur warrior
 11715 | D:12     | Noticed a deep elf pyromancer
 11716 | D:12     | Noticed a two-headed ogre
 11717 | D:12     | Noticed a two-headed ogre
 11802 | D:12     | Killed a centaur warrior
 11991 | D:12     | Killed a two-headed ogre
 12283 | D:11     | Reached skill level 10 in Fighting
 12308 | D:12     | Noticed a boulder beetle
 12324 | D:12     | Killed a boulder beetle
 12465 | D:12     | Killed a deep elf pyromancer
 12479 | D:12     | Noticed a deep elf pyromancer
 12495 | D:12     | HP: 5/101 [manticore (4)]
 12498 | D:12     | Slain by a manticore

Illustrated notes

Levels and vault maps discovered:
D:1:      mushboom_english_gardens, layout_basic, st_stairs_5,
          minmay_misc_feat_enclosed
D:2:      layout_rooms, serial_shops, shop, dilly_ecumenical_altar_fadedgnrine,
          uniq_crazy_yiuf_cottage, uniq_natasha
D:3:      layout_rooms, uniq_grinder
D:4:      layout_cave_pools, minmay_temple_entry_sparse_star
D:5:      layout_rooms, overflow_temple_1_default, ebering_ghost_sewer_d,
          serial_shops, kennysheep_mini_moat, nicolae_hexahallways, uniq_duvessa
D:6:      layout_cave_pods, chequers_serial_rivers_small_a, uniq_edmund
D:7:      layout_basic, mainiacjoe_overflow_alcove_1, uniq_prince_ribbit1
D:8:      layout_basic, vehumet_altar_wand_db, mainiacjoe_overflow_catwalk,
          minivault_26
D:9:      layout_rooms, dpeg_lair_monsters, hiddenorc2_lemuel,
          hangedman_decor_diamond_cutter, onia_ninara_dug_in_and_dangerous
D:10:     layout_loops_corners, grunt_temple_overflow_cloverleaf,
          nicolae_qazlal_general_emergency, hangedman_decor_clover_reticule,
          grunt_decor_clamped
D:11:     layout_rooms, demons_altar
D:12:     layout_cave_pods, onia_ninara_cookie, uniq_urug

Skill      XL: |  1  2  3  4  5  6  7  8  9 10 11 |
---------------+----------------------------------+-----
Maces & Flails | 2 3 4 5 6 7 9 11 12 14 | 14.0
Fighting       | 4 6 10 | 10.7
Evocations     | 2 4 |  4.0
Spellcasting   | 2 4 |  4.0
Dodging        | |  1.7
Stealth        | |  4.5

Action                     |  1- 3 |  4- 6 |  7- 9 | 10-12 || total
---------------------------+-------+-------+-------+-------++-------
  Melee: Mace              |    55 |    17 |    55 |   217 ||   344
         Punch             |     2 |     7 |     1 |       ||    10
         Whip              |    69 |   182 |    48 |       ||   299
         Dire flail        |       |       |   211 |   138 ||   349
   Fire: Sling             |    29 |       |     7 |       ||    36
  Throw: Throwing net      |       |     1 |       |     1 ||     2
         Dart              |       |     5 |    14 |    28 ||    47
         Boomerang         |       |       |     3 |       ||     3
  Evoke: Wand              |       |     4 |     5 |    10 ||    19
    Use: Scroll            |       |     5 |       |     7 ||    12
         Potion            |       |     1 |     1 |       ||     2
   Stab: Sleeping          |     2 |       |     1 |       ||     3
         Distracted        |       |       |       |     1 ||     1
 Armour: Leather armour    |    12 |     2 |       |       ||    14
         Scale mail        |    40 |    64 |    98 |       ||   202
         Plate armour      |       |       |    16 |    19 ||    35
         Troll leather arm |       |       |       |    46 ||    46
  Dodge: Dodged            |    80 |    87 |   102 |   163 ||   432
  Block: Buckler           |       |       |       |    47 ||    47

Table legend: (Time is in decaauts)
 A = Elapsed time spent in this place.
 B = Non-inter-level travel time spent in this place.
 C = Inter-level travel time spent in this place.
 D = Time resting spent in this place.
 E = Time spent auto-exploring this place.
 F = Levels seen in this place.
 G = Mean time per level.
                   A        B        C        D        E       F      G
               +--------+--------+--------+--------+--------+-----+--------+
         Total |  12308 |  11543 |    765 |   1805 |   6663 |  12 | 1025.7 |
       Dungeon |  12308 |  11543 |    765 |   1805 |   6663 |  12 | 1025.7 |
               +--------+--------+--------+--------+--------+-----+--------+

Top non-repeatable levels by time:
     D:3: 1464 daAuts
     D:2: 1410 daAuts
     D:5: 1367 daAuts
     D:8: 1210 daAuts
     D:6: 1068 daAuts
    D:10: 998 daAuts
    D:12: 992 daAuts
     D:7: 983 daAuts
     D:4: 972 daAuts
     D:1: 874 daAuts
    D:11: 793 daAuts
     D:9: 174 daAuts
